 Dungeon Crawl Stone Soup version 0.25-a0-285-gcba6f664f8 (webtiles) character file.

Game seed: 12207601188030463378, levelgen mode: deterministic

41 floatRand the Shield-Bearer (level 3, 0/29 HPs)
             Began as a Formicid Fighter on Dec 11, 2019.
             Succumbed to an adder's poison
             ... on level 3 of the Dungeon.
             The game lasted 00:01:28 (1235 turns).

floatRand the Shield-Bearer (Formicid Fighter)      Turns: 1235, Time: 00:01:29

Health: 0/29       AC:  8    Str: 25    XL:     3   Next: 75%
Magic:  3/3        EV:  9    Int:  7    God:
Gold:   58         SH: 10    Dex: 11    Spells: 2/2 levels left

rFire    . . .     SeeInvis +   a - +0 war axe
rCold    . . .     Gourm    .   c - +0 shield
rNeg     . . .     Faith    .   e - +0 ring mail (curse)
rPois    .         Spirit   .   (helmet unavailable)
rElec    .         Reflect  .   (no cloak)
rCorr    .         Harm     .   (no gloves)
MR       .....     Clarity  +   x - +0 pair of boots
Stlth    +.........             (no amulet)
HPRegen  0.09/turn              (no ring)
MPRegen  0.08/turn              (no ring)

@: mighty, lethally poisoned (0 -> -10), flying
A: permanent stasis, dig shafts and tunnels, four strong arms, antennae 3,
iridescent scales 1, clarity
a: Dig, Shaft Self


You were on level 3 of the Dungeon.
You were not hungry.

You visited 1 branch of the dungeon, and saw 3 of its levels.

You collected 58 gold pieces.

Inventory:

Hand Weapons
 a - a +0 war axe (weapon)
Missiles
 g - 15 poisoned darts (quivered)
Armour
 b - a +0 scale mail
 c - a +0 shield (worn)
 e - a cursed +0 ring mail (worn)
 x - a +0 pair of boots (worn)
Jewellery
 m - a +5 ring of evasion {unknown}
 s - an uncursed ring of positive energy {unknown}
Scrolls
 h - a scroll of fog {unknown}
 j - a scroll of amnesia {unknown}
 l - a scroll of enchant weapon {unknown}
 p - a scroll of random uselessness {unknown}
 q - a scroll of teleportation {unknown}
 u - a scroll of remove curse {unknown}
 v - 2 scrolls of identify {unknown}
 w - a scroll of blinking {unknown}
Potions
 d - a potion of might
 i - a potion of lignification {unknown}
 k - a potion of mutation
 n - a potion of flight
 o - a potion of magic {unknown}
 t - a potion of brilliance {unknown}
 z - 2 potions of curing {unknown}
Comestibles
 f - 8 rations


   Skills:
 - Level 3.2 Fighting
 + Level 2.5 Axes
 - Level 3.2 Armour
 + Level 1.1 Dodging
 + Level 1.6 Stealth
 + Level 4.1 Shields


You had 2 spell levels left.
You didn't know any spells.
Your spell library was empty.

Dungeon Overview and Level Annotations

Branches:
Dungeon (3/15)

Altars:
Cheibriados
Nemelex Xobeh
Okawaru
Sif Muna


Innate Abilities, Weirdness & Mutations

You cannot be hasted, slowed, berserked, paralysed or teleported.
You can dig through walls and to a lower floor.
Your four strong arms can wield two-handed weapons with a shield.
You have a pair of large antennae on your head. (SInv)
You are partially covered in iridescent scales. (AC +2)
You possess an exceptional clarity of mind.


Message History

You closely miss the adder.
The adder is lightly wounded.
* * * LOW HITPOINT WARNING * * *
You feel sick. You block the adder's attack. x2
You closely miss the adder.
The adder is lightly wounded.
* * * LOW HITPOINT WARNING * * *
You feel sick. You block the adder's attack. The adder bites you.
* * * LOW HITPOINT WARNING * * *
You are more poisoned.
The adder poisons you!
It was a potion of mutation.
You feel extremely strange.
Your thoughts seem clearer.
Iridescent scales grow over part of your body.
* * * LOW HITPOINT WARNING * * *
You feel sick. You block the adder's attack.
It was a potion of flight.
You feel very buoyant.
You fly up into the air.
You die...

{ #. ..
##########(### #
#..@Swr.......
......####....###
####.## #>####
##...# #†#
......##.#
..8.....<###
.8[8.......#
8._.8r#.##......
.8.8....# ...#..


You could see a worm, an adder and a rat.

Vanquished Creatures
  A dart slug (D:1)
  A leopard gecko (D:1)
  3 bats
  6 hobgoblins
  A ball python (D:3)
  5 frilled lizards
  8 goblins
  6 kobolds (D:1)
  5 rats
36 creatures vanquished.

Notes
Turn   | Place    | Note
-------+----------+-------------------------------------------
     0 | D:1      | floatRand the Formicid Fighter began the quest for the Orb.
     0 | D:1      | Reached XP level 1. HP: 18/18 MP: 1/1
    60 | D:1      | Reached XP level 2. HP: 18/24 MP: 2/2
    62 | D:1      | Reached skill level 1 in Stealth
   189 | D:1      | Reached skill level 4 in Shields
   189 | D:1      | Reached XP level 3. HP: 28/29 MP: 3/3
   272 | D:1      | Reached skill level 1 in Dodging
   659 | D:2      | Found a snail-covered altar of Cheibriados.
   660 | D:2      | Found an iron altar of Okawaru.
   660 | D:2      | Found a sparkling altar of Nemelex Xobeh.
   953 | D:2      | Found a shimmering blue altar of Sif Muna.
  1202 | D:3      | Found a faded altar of an unknown god.
  1234 | D:3      | Gained mutation: You possess an exceptional clarity of
                  | mind. [potion of mutation]
  1234 | D:3      | Gained mutation: You are partially covered in iridescent
                  | scales. (AC +2) [potion of mutation]
  1234 | D:3      | HP: 1/29 [poisoned by an adder]
  1235 | D:3      | Succumbed to an adder's poison

Levels and vault maps discovered:
D:1:      dpeg_arrival_shelter, layout_basic
D:2:      layout_basic, led_sif_pool, grunt_temple_overflow_open, first_ration
D:3:      layout_rooms, chequers_ecumenical_altar_simple_redux

Skill      XL: |  1  2  3 |
---------------+----------+-----
Stealth        | 1 |  1.6
Shields        | 4 |  4.1
Dodging        | 1 |  1.1
Fighting       | |  3.2
Axes           | |  2.5
Armour         | |  3.2

Action                   || total
-------------------------++-------
Melee: War axe           ||    97
  Use: Potion            ||     3
 Stab: Sleeping          ||     2
  Eat: Chunk             ||     1
Armor: Ring mail         ||    40
       Scale mail        ||     2
Dodge: Dodged            ||    42
Block: Shield            ||    66

Table legend:
 A = Non-vault XP
 B = Vault XP
 C = Vault XP percentage of total XP
 D = Non-vault monster count
 E = Vault monster count
 F = Vault count percentage of total count
                 A         B        C        D         E       F
            +---------+---------+-------+---------+---------+-------
      Total |      59 |       0 |   0.0 |      36 |       0 |   0.0
            +---------+---------+-------+---------+---------+-------
        D:1 |      47 |       0 |   0.0 |      27 |       0 |   0.0
        D:2 |      11 |       0 |   0.0 |       8 |       0 |   0.0
        D:3 |       1 |       0 |   0.0 |       1 |       0 |   0.0
            +---------+---------+-------+---------+---------+-------
